 Dungeon Crawl Stone Soup version 0.22.1-2-g9c5b331383 (webtiles) character file.

3287 Peloso the Carver (level 9, -1/78 HPs)
             Began as a Minotaur Fighter on Jan 4, 2019.
             Was an Elder of Okawaru.
             Incinerated by a deep elf mage (3 damage)
             ... with a sticky flame
             ... in a bailey.
             The game lasted 00:12:40 (5375 turns).

Peloso the Carver (Minotaur Fighter)                Turns: 5375, Time: 00:12:40

Health: -1/78      AC: 18    Str: 23    XL:     9   Next: 69%
Magic:  6/8        EV: 10    Int:  5    God:    Okawaru [****..]
Gold:   586        SH: 13    Dex: 11    Spells: 8/8 levels left

rFire    . . .     SeeInvis .   a - +1 long sword
rCold    . . .     Gourm    +   c - +0 shield
rNeg     . . .     Faith    .   w - +0 plate armour
rPois    .         Spirit   .   (helmet restricted)
rElec    .         Reflect  .   (no cloak)
rCorr    .         Harm     .   (no gloves)
MR       .....                  l - +1 pair of boots
Stlth    ..........             k - amulet of the gourmand
HPRegen  0.23/turn              q - ring of wizardry
MPRegen  0.11/turn              (no ring)

@: liquid flames, heroism, glowing
A: retaliatory headbutt, horns 2
a: Heroism, Renounce Religion


You were in a bailey.
You worshipped Okawaru.
Okawaru was greatly pleased with you.
You were completely stuffed.

You visited 1 branch of the dungeon, and saw 7 of its levels.
You also visited: Ossuary and Bailey.

You collected 586 gold pieces.

Inventory:

Hand Weapons
 a - a +1 long sword (weapon)
Armour
 b - a +0 scale mail
 c - a +0 shield (worn)
 l - a +1 pair of boots (worn)
 w - a +0 plate armour (worn)
Jewellery
 k - an amulet of the gourmand (around neck)
 q - a ring of wizardry (left hand)
 D - a +4 ring of intelligence {unknown}
Wands
 d - a wand of random effects (13)
 t - a wand of iceblast (8)
 B - a wand of flame (32)
Scrolls
 j - 2 scrolls of noise
 m - a scroll of identify
 o - 2 scrolls of enchant weapon
 p - 4 scrolls of remove curse
 r - 2 scrolls of amnesia
 x - a scroll of fog {unknown}
 y - a scroll of enchant armour {unknown}
 C - a scroll of brand weapon {unknown}
 E - 2 scrolls of holy word {unknown}
Potions
 e - 2 potions of resistance
 g - 3 potions of curing
 i - a potion of haste
 n - 4 potions of magic
 u - 2 potions of heal wounds
 v - a potion of brilliance
 z - a potion of invisibility
 A - a potion of might
Comestibles
 f - 9 rations
 h - 7 chunks of flesh


   Skills:
 + Level 6.4(11.4) Fighting
 + Level 10.7(15.7) Long Blades
 + Level 8.3(13.3) Armour
 + Level 2.7(7.7) Dodging
 + Level 0.3(5.3) Stealth
 + Level 8.8(13.8) Shields
 + Level 0.1 Invocations
 + Level 0.2 Evocations


You had 8 spell levels left.
You didn't know any spells.
Your spell library contained the following spells:

 Spells                   Type           Power        Failure   Level  Hunger
 Flame Tongue             Conj/Fire      #....        91%         1    ##.....
 Throw Flame              Conj/Fire      #.....       97%         2    ###....
 Conjure Flame            Conj/Fire      #.......     99%         3    ####...
 Inner Flame              Hex/Fire       #.......     99%         3    ####...
 Sticky Flame             Conj/Fire      #.......     100%        4    #####..
 Fireball                 Conj/Fire      #.........   100%        5    ######.


Dungeon Overview and Level Annotations

Branches:
Dungeon (7/15)
 Temple: D:4-7

Altars:
Cheibriados
Elyvilon
Okawaru

Shops:
D:4 [   D:6 *


Innate Abilities, Weirdness & Mutations

You reflexively headbutt those who attack you in melee.
You have a pair of horns on your head.


Message History

The deep elf mage gestures wildly while chanting.
Unknown command.
You hit the deep elf mage.
The deep elf mage is severely wounded.
You are covered in liquid flames!
You block the fire elemental's attack. The deep elf mage casts a spell at you.
The bolt of fire hits you!
* * * LOW HITPOINT WARNING * * *
The deep elf mage casts a spell at you. The bolt of fire hits you!
* * * LOW HITPOINT WARNING * * *
The bolt of fire hits the fire elemental.
The fire elemental completely resists.
You slice the deep elf mage!!
You kill the deep elf mage!
Okawaru is honoured by your kill.
The fire elemental disappears in a puff of smoke! x2
You are covered in liquid flames!
You die...

.. e. .###
###. ##...#
#...## #.....
.....# #.....
.....# #.....
.....#
#..§e#....#
#)#####
#....#@e..##
#.....#.§...#
#.....#..∩..#
#.....#.....#
##...###...###
.######'##).##
.e
##...##....#
#.....#....#
#..∩..##..##


You could see 2 deep elf magi.

Vanquished Creatures
  3 deep elf magi (Bailey)
  Grinder (D:3)
  Sigmund (D:5)
  Edmund (D:6)
  A sky beast (D:5)
  A black bear (D:6)
  3 ogres
  A centaur (D:5)
  A bullfrog (D:6)
  3 scorpions
  A centaur zombie (D:6)
  4 crimson imps (D:6)
  4 hounds
  A bullfrog skeleton (D:6)
  A centaur skeleton (D:4)
  Natasha (twice) (D:3)
  4 worker ants
  8 mummies (Ossuary)
  Robin (D:3)
  7 gnolls (D:6)
  6 adders
  A shadow imp (D:6)
  An ooze (D:3)
  An adder zombie (D:1)
  A worm (D:3)
  3 dart slugs (D:1)
  A leopard gecko (D:3)
  3 orcs (D:3)
  A ball python (D:2)
  4 bats
  A bat zombie (D:1)
  5 giant cockroaches
  2 gnoll zombies (Ossuary)
  23 goblins
  14 hobgoblins
  4 jackals (D:1)
  8 kobolds
  2 quokkas
  6 frilled lizards
  2 hobgoblin zombies (Ossuary)
  A jackal skeleton (D:6)
  4 kobold zombies (Ossuary)
  A leopard gecko skeleton (D:5)
  A quokka zombie (D:6)
  11 rats
156 creatures vanquished.

Notes
Turn   | Place    | Note
-------+----------+-------------------------------------------
     0 | D:1      | Peloso the Minotaur Fighter began the quest for the Orb.
     0 | D:1      | Reached XP level 1. HP: 19/19 MP: 0/0
    71 | D:1      | Reached XP level 2. HP: 25/27 MP: 1/1
   214 | D:1      | Reached XP level 3. HP: 33/33 MP: 2/2
   454 | D:1      | Reached skill level 3 in Long Blades
  1210 | D:2      | Reached XP level 4. HP: 40/40 MP: 3/3
  1260 | D:2      | Found an iron altar of Okawaru.
  1512 | D:2      | Became a worshipper of Warmaster Okawaru
  1915 | D:3      | Reached skill level 1 in Dodging
  2013 | D:3      | Noticed Robin
  2029 | D:3      | Killed Robin
  2087 | D:3      | Reached XP level 5. HP: 44/46 MP: 4/4
  2099 | D:3      | Noticed Grinder
  2099 | D:3      | Paralysed by Grinder for 3 turns
  2107 | D:3      | Killed Grinder
  2107 | D:3      | Reached * piety under Okawaru
  2107 | D:3      | Reached skill level 4 in Long Blades
  2107 | D:3      | Reached skill level 5 in Armour
  2107 | D:3      | Reached skill level 5 in Shields
  2107 | D:3      | Reached XP level 6. HP: 50/52 MP: 5/5
  2139 | D:3      | Noticed Natasha
  2148 | D:3      | Killed Natasha
  2148 | D:3      | Reached skill level 5 in Long Blades
  2169 | D:3      | Found a white marble altar of Elyvilon.
  2238 | D:3      | Noticed Natasha
  2243 | D:3      | Killed Natasha
  2358 | D:4      | Found Ulonis's Antique Armour Shop.
  2618 | D:4      | Reached XP level 7. HP: 42/60 MP: 6/6
  2663 | D:4      | Found a snail-covered altar of Cheibriados.
  2850 | D:4      | Reached ** piety under Okawaru
  2850 | D:4      | Reached skill level 6 in Long Blades
  2911 | D:5      | Entered Level 5 of the Dungeon
  2945 | D:5      | Noticed Sigmund
  2964 | D:5      | Killed Sigmund
  2964 | D:5      | Reached skill level 7 in Long Blades
  2981 | D:5      | Found a sand-covered staircase.
  2986 | Ossuary  | Entered an ossuary
  3185 | Ossuary  | Reached XP level 8. HP: 59/67 MP: 7/7
  3657 | D:5      | Reached skill level 5 in Fighting
  4249 | D:6      | Reached *** piety under Okawaru
  4249 | D:6      | Reached skill level 8 in Long Blades
  4577 | D:6      | Reached skill level 9 in Long Blades
  4782 | D:6      | Noticed Edmund
  4805 | D:6      | Killed Edmund
  4805 | D:6      | Reached XP level 9. HP: 75/75 MP: 8/8
  4933 | D:6      | Found Hogad's Assorted Antiques.
  5152 | D:7      | Found a flagged portal.
  5208 | Bailey   | Entered a bailey
  5215 | Bailey   | Noticed a deep elf mage
  5224 | Bailey   | Killed a deep elf mage
  5224 | Bailey   | Reached **** piety under Okawaru
  5362 | Bailey   | Noticed a deep elf mage
  5363 | Bailey   | Noticed a deep elf mage
  5363 | Bailey   | Noticed a deep elf mage
  5363 | Bailey   | Noticed a deep elf mage
  5363 | Bailey   | Noticed a deep elf mage
  5363 | Bailey   | Noticed a deep elf mage
  5368 | Bailey   | Killed a deep elf mage
  5368 | Bailey   | Reached skill level 10 in Long Blades
  5374 | Bailey   | HP: 2/75 [deep elf mage/bolt of fire (15)]
  5375 | Bailey   | Killed a deep elf mage
  5375 | Bailey   | Incinerated by a deep elf mage

Skill      XL: |  1  2  3  4  5  6  7  8  9 |
---------------+----------------------------+-----
Shields        | 4 5 6 7 8 |  8.8
Armour         | 4 5 6 7 8 |  8.3
Fighting       | 4 5 6 |  6.4
Long Blades    | 3 4 5 7 9 10 | 10.7
Dodging        | 1 2 |  2.7
Stealth        | |  0.3
Invocations    | |  0.1
Evocations     | |  0.2

Action                   |  1- 3 |  4- 6 |  7- 9 || total
-------------------------+-------+-------+-------++-------
Melee: Long sword        |   105 |   112 |   262 ||   479
       Headbutt          |    17 |    20 |    54 ||    91
       Short sword       |    18 |       |       ||    18
Invok: Heroism           |       |       |     1 ||     1
Evoke: Wand              |       |     2 |       ||     2
  Use: Scroll            |     3 |       |    14 ||    17
       Potion            |       |       |     1 ||     1
  Eat: Chunk             |    10 |     8 |    10 ||    28
Armor: Scale mail        |    52 |    52 |       ||   104
       Plate armour      |       |       |   114 ||   114
Dodge: Dodged            |    42 |    38 |    48 ||   128
Block: Shield            |    79 |    67 |   134 ||   280
       Rpst.: Long sword |     7 |    11 |    14 ||    32
